 Dungeon Crawl Stone Soup version 0.27.1-4-g1640c2035a (webtiles) character file.

Game seed: 7758243605624701021

97 raph the Chiller (level 4, -2/25 HPs)
             Began as a Deep Elf Ice Elementalist on Oct 31, 2021.
             Slain by an ogre (27 damage)
             ... on level 3 of the Dungeon.
             The game lasted 00:03:49 (2893 turns).

raph the Chiller (Deep Elf Ice Elementalist)        Turns: 2893, Time: 00:03:50

Health: -2/25      AC: 11    Str:  5    XL:     4   Next: 42%
Magic:  1/11       EV: 13    Int: 21    God:
Gold:   69         SH:  0    Dex: 15    Spells: 3/10 levels left

rFire    . . .     SeeInvis .   b - +0 dagger
rCold    . . .     Faith    .   (no shield)
rNeg     . . .     Spirit   .   a - +0 robe
rPois    .         Reflect  .   k - +0 helmet
rElec    .         Harm     .   d - +0 cloak
rCorr    .         Rampage  .   (no gloves)
Will     .....                  (no boots)
Stlth    ++........             (no amulet)
HPRegen  0.08/turn              (no ring)
MPRegen  0.12/turn              (no ring)

@: ice-armoured, freezing walls, very slightly contaminated
A: no striking features
a: no special abilities


You were on level 3 of the Dungeon.
You visited 1 branch of the dungeon, and saw 3 of its levels.

You collected 69 gold pieces.

Inventory:

Hand Weapons
 b - a +0 dagger (weapon)
Armour
 a - a +0 robe (worn)
 d - a +0 cloak (worn)
 k - a +0 helmet (worn)
Wands
 h - a wand of flame (8)
 l - a wand of iceblast (13)
Scrolls
 f - a scroll of identify
 g - a scroll of teleportation
Potions
 c - 2 potions of attraction
 e - a potion of curing {unknown}
 i - a potion of mutation {unknown}
 j - 2 potions of might {unknown}


   Skills:
 + Level 1.2 Fighting
 + Level 3.3 Dodging
 - Level 2.4 Stealth
 + Level 3.8 Spellcasting
 * Level 5.3 Ice Magic


You had 3 spell levels left.
You knew the following spells:

 Your Spells              Type           Power      Damage    Failure   Level
a - Freeze                Ice            100%       1d11      1%          1
b - Frozen Ramparts       Ice            52%        1d7       4%          3
c - Ozocubu's Armour      Ice            26%        N/A       4%          3

Your spell library contained the following spells:

 Spells                   Type           Power      Damage    Failure   Level
 Hailstorm                Conj/Ice       15%        3d5       38%         4


Dungeon Overview and Level Annotations

Branches:
Dungeon (3/15)

Altars:


Message History

A bat is nearby!
You start waiting.
An ogre comes into view. It is wielding a +0 giant club.
The ogre shouts!
Casting: Freeze (safe; 1% risk of failure)
Confirm with . or Enter, or press ? or * to list all spells.
Casting: Frozen Ramparts (quite dangerous; 4% risk of failure)
Press: ? - help, Dir - look around, f - activate The walls around you are covered in ice.
The wall freezes the ogre.
Casting: Frozen Ramparts (quite dangerous; 4% risk of failure)
Confirm with . or Enter, or press ? or * to list all spells.
A film of ice covers your body!
The wall freezes the ogre.
Aiming: Freeze (safe; 1% risk of failure)
Press: ? - help, Q - select action, (/) - cycle Shift-Dir - straight line, f - ogre
Aim: an ogre, wielding a +0 giant club (moderately wounded)
You freeze the ogre.
The ogre is moderately wounded.
The wall freezes the ogre.
The ogre misses you.
Aiming: Freeze (safe; 1% risk of failure)
Press: ? - help, Q - select action, (/) - cycle Shift-Dir - straight line, f/p - ogre
Aim: an ogre, wielding a +0 giant club (moderately wounded)
You freeze the ogre.
The ogre is heavily wounded.
The wall freezes the ogre!
The ogre misses you.
Aiming: Freeze (safe; 1% risk of failure)
Press: ? - help, Q - select action, (/) - cycle Shift-Dir - straight line, f/p - ogre
Aim: an ogre, wielding a +0 giant club (severely wounded)
You miscast Freeze.
You are very lightly contaminated with residual magic.
Nothing appears to happen.
Aiming: Freeze (safe; 1% risk of failure)
Press: ? - help, Q - select action, (/) - cycle Shift-Dir - straight line, f/p - ogre
Aim: an ogre, wielding a +0 giant club (severely wounded)
You freeze the ogre.
The ogre is almost dead.
The wall freezes the ogre.
The ogre hits you with a +0 giant club!!
Ouch! That really hurt!
You die...

.....# #...........#
.....# ###.#.#.#.###
.....#######.#.#)#...#
...............#.#.#.#
############...#.#.#.#
##...#.#.#..
##....#.#.###.
#.....#.#..<#..
#.....#@#...# ..
#.....#O#.#.# ##+
##.##.#.#...#
#.##...#####.
#.##.........#
..#...........
#####..#####.# ......
###..###


You could see an ogre.

Vanquished Creatures
  Jessica (D:2)
  2 adders (D:2)
  A gnoll (D:1)
  A worm (D:2)
  2 dart slugs
  2 endoplasms (D:1)
  3 giant cockroaches (D:1)
  3 goblins
  4 hobgoblins
  4 jackals (D:2)
  A quokka (D:2)
  5 ball pythons
  A bat (D:3)
  4 frilled lizards
  A kobold (D:2)
  2 rats (D:2)
37 creatures vanquished.

Notes
Turn   | Place    | Note
-------+----------+-------------------------------------------
     0 | D:1      | raph the Deep Elf Ice Elementalist began the quest for the
                  | Orb.
     0 | D:1      | Reached XP level 1. HP: 10/10 MP: 6/6
   430 | D:1      | Reached XP level 2. HP: 15/15 MP: 6/8
  1131 | D:2      | Reached XP level 3. HP: 20/20 MP: 9/9
  1135 | D:2      | Learned a level 3 spell: Frozen Ramparts
  1139 | D:2      | Learned a level 3 spell: Ozocubu's Armour
  1349 | D:2      | Reached skill level 5 in Ice Magic
  1845 | D:2      | Reached skill level 1 in Fighting
  1849 | D:2      | Noticed Jessica
  2067 | D:2      | Killed Jessica
  2068 | D:2      | Reached XP level 4. HP: 18/25 MP: 7/11
  2881 | D:3      | Noticed an ogre
  2893 | D:3      | Slain by an ogre

Illustrated notes

Levels and vault maps discovered:
D:1:      dpeg_arrival_tiny_d, layout_loops_ring
D:2:      layout_basic, grunt_decor_mini_mirrors, hangedman_decor_push,
          uniq_jessica
D:3:      layout_basic, nemelex_xobeh_ov_fountains_minmay,
          yredelemnul_forgotten_temple_becter,
          dreamdust_ecumenical_altar_hidden_monk_grotto

Skill      XL: |  1  2  3 |
---------------+----------+-----
Dodging        | 3 |  3.3
Ice Magic      | 5 |  5.3
Fighting       | 1 |  1.2
Stealth        | |  2.4
Spellcasting   | |  3.8

Action                   |  1- 3 |  4- 6 || total
-------------------------+-------+-------++-------
Melee: Dagger            |    29 |     8 ||    37
 Cast: Freeze            |    22 |     7 ||    29
       Frozen Ramparts   |     6 |     2 ||     8
       Ozocubu's Armour  |       |     2 ||     2
  Use: Scroll            |       |     3 ||     3
 Stab: Sleeping          |     7 |     1 ||     8
Armor: Robe              |     7 |     3 ||    10
Dodge: Dodged            |    19 |    14 ||    33
